AoeStats
← uli2099

Fortress

509856207Analyzed
2v2 RM · 5d ago on Sep 28, 2026· 16m 37s· 4 players
Game mode
Random Map
Map size
Normal (6 player)
Population
200
Speed
Normal
Resources
Standard
Victory
Conquest
Starting age
Dark Age
Ending age
Imperial Age
RankedLock teamsTeams togetherTeam positionsShared explorationLock speedFull tech treeHidden civsTurbo modeCheats
Victory
Defeat
🇬🇧 Mapuche · United Kingdom
1304
+14
🇬🇧 Danes · United Kingdom
1304
+15
🇹🇼 Turks · Taiwan
1282
-15
🇩🇪 Persians · Germany
1264
-14
uli2099
6:56 Feudal Age
10:54 Castle Age
9:17 Double-Bit Axe
9:27 Horse Collar
9:58 Loom
11:38 Bow Saw
12:42 Loom
龍嘯天
0:42 Loom
7:55 Feudal Age
8:25 Horse Collar
10:39 Wheelbarrow
12:51 Castle Age
13:38 Castle Age
12:01 Double-Bit Axe
12:52 Gold Mining
15:50 Fortified Wall
HandKing
6:08 Loom
7:54 Feudal Age
9:00 Double-Bit Axe
11:44 Castle Age
9:38 Horse Collar
10:32 Forging
14:21 Town Watch
Matt-O-War
7:24 Feudal Age
11:18 Castle Age
9:12 Arson
9:21 Double-Bit Axe
10:07 Scale Mail Armor
9:54 Horse Collar
12:30 Chain Mail Armor
14:11 Squires
15:13 Forging
Connection lost

Rejoining the realm…

Still unreachable

The connection could not be restored.

Session expired

The server has moved on; the page needs a fresh start.